cohdb
Replays
Latest Replays
All Replays
Popular Replays
Top Player Replays
Match Explorer
How It Works
Community
CoH3 Stats
Reddit
Sign in to upload your games and track your stats! →
Sign in with Steam
Match 31530681
Unlisted
Match 31530681
Overview
Messages
Build Orders
End
Engineer Squad
Construct Barracks
Selects Advanced Infantry Battlegroup
Riflemen Squad
Riflemen Squad
Grenade Package
Riflemen Squad
Infantry Support Center
Construct Motor Pool
Construct Motor Pool
Selects Convert to Ranger Squad
Selects Frontline Medical Station
Frontline Medical Station
Riflemen Squad
M1 Anti-tank Gun Team
M1918 Browning Automatic Rifles
Riflemen Squad
Construct Tank Depot
M1 Anti-tank Gun Team
Engineer Squad
Selects Infantry Assault
Selects Ammunition Storage
Advanced Logistics
.30 cal Machine Gun
Infantry Assault
Selects M2A1 105mm Howitzer Emplacement
UMirinBrah?
Hevsik
Jonnies
Pinhi
Bobo
toby8888
0
0
Comments
sign in to comment!
No comments posted yet!